SCURSFD, neutral female scurrid Archeologist ----------------- ---------................-------- -------......t.......F.................------ ------..............F............/.....+..<.......------ ----.....................(B........................)......---- ---.................................................l.......Z..--- ---................................................................--- ---............................................................+.......--- |..*....../?...........?B.................o..............................| |.......................v................................................| |.............+....i..G....................C......j...................j..| -..i....k?...............i........................!..........@.......- ---.........u........................................e...........B.--- ---......u.....).....[................`...................H`..+--- ----f.............F..dd...................................---- ------............dd....u.........................------ -------...................>........... ------ ---------..a............ ------- ---------------- SCURSFD the Digger Experience level: 1 Strength: 12 Dexterity: 9 Constitution: 13 Intelligence: 16 Wisdom: 18 Charisma: 7 Health: 0(12) Energy: 2(2) Def: 2 Gold: 316 Moves: 30 Dungeon seed: ClzicbH46Mco5cb7 Game ID: SCURSFD_1498725393 Your Inventory: Coins $ - 316 gold pieces Weapons a - an uncursed +2 bullwhip h - an uncursed +0 boomerang (in quiver) Armor e - an uncursed +0 leather jacket (being worn) n - an uncursed +0 pair of leather gloves (being worn) Comestibles b - 3 uncursed chestnuts Scrolls i - an uncursed scroll of gold detection Potions j - a cursed potion of healing Wands d - an uncursed wand of light (0:14) Tools c - an uncursed pair of lenses f - an uncursed sack g - an uncursed tin opener (alternate weapon; not wielded) Gems q - an uncursed touchstone Spells and supernatural/magical abilities: Name Level Category Fail Memory W - pray for help -- divine ? -- Your skills at the end: Miscellaneous Skills wands [Basic] Weapon Skills boomerang [Basic] whip [Basic] Spellcasting Skills Final Attributes: You were devoutly aligned. You had infravision. You were very stealthy. You were fast. You are dead. Vanquished creatures: a giant Voluntary challenges: You went without food. You did not adorn yourself with jewelry or accessories. You did not cause conflict. You were not invisible. You did not have reflection. You were not displaced. You were an atheist. You never hit with a wielded weapon. You were a pacifist. You did not use tools. You did not use plumbed fixtures. You did not drink any magical draughts. You were illiterate. You never genocided any monsters. You never polymorphed an object. You never changed form. You used no wishes. You never split a pudding. You never wrote Elbereth's name. You never violated your personal moral code. Dungeon overview: The Dungeons of Doom: levels 1 to 13 Level 1 a long staircase Level 2 Level 3 Level 4 Level 5 Level 6 Level 7 Level 8 Level 9 a long staircase Level 10 Level 11 a general store Level 12 a fountain Level 13 <- You were here History has recorded: On T:1 you entered the Dungeons of Doom to retrieve the Amulet of Yendor! On T:5 you reached level 2 of The Dungeons of Doom. On T:7 you reached level 3 of The Dungeons of Doom. On T:8 you reached level 4 of The Dungeons of Doom. On T:10 you reached level 5 of The Dungeons of Doom. On T:12 you reached level 6 of The Dungeons of Doom. On T:18 you reached level 7 of The Dungeons of Doom. On T:20 you reached level 8 of The Dungeons of Doom. On T:22 you reached level 9 of The Dungeons of Doom. On T:24 you reached level 10 of The Dungeons of Doom. On T:26 you reached level 11 of The Dungeons of Doom. On T:30 you reached level 13 of The Dungeons of Doom. Score breakdown: Gold: 316 ( 31 points) Experience: 1 level ( 0 points) Exploration: 13 levels ( 360 points) Discoveries: 3 items ( 150 points) Variety of kills: 1 monster ( 50 points) Major goal: (nothing yet) ( 0 points) Survival: died (score multiplied by 3) Total score: 1773 Latest messages: You continue digging downward. You dig a hole through the floor. You fall through... The adjacent object falls through the hole. You owe Something 150 zorkmids for goods lost. You escaped the shop without paying! You stole 150 zorkmids worth of merchandise. An alarm sounds! The Keystone Kops are after you! j - a puce potion. You start digging downward. You continue digging downward. You dig a pit in the floor. You continue digging downward. You dig a hole through the floor. You fall through... The giant zaps an iridium wand! The giant is killed by the bolt of lightning! The bolt of lightning hits you! You die... The sack is empty. The sack is empty. Final status: Goodbye SCURSFD the Archeologist, killed by a bolt of lightning... You died in The Dungeons of Doom on dungeon level 13 with 1773 points, and 316 pieces of gold, after 30 moves. You were level 1 with a maximum of 12 hit points when you died.